 Dungeon Crawl Stone Soup version 0.23-a0-470-g6f7cfd9 (webtiles) character file.

89 jerryfan the Charlatan (level 4, -10/51 HPs)
             Began as a Gnoll Wanderer on Nov 26, 2018.
             Killed from afar by an orc wizard (49 damage)
             ... with an exploding inner flame
             ... hexed by the player character
             ... on level 2 of the Dungeon.
             The game lasted 00:04:00 (1354 turns).

jerryfan the Charlatan (Gnoll Wanderer)             Turns: 1354, Time: 00:04:01

Health: -10/51     AC: 29    Str: 15    XL:     4   Next: 55%
Magic:  8/8        EV:  2    Int: 16    God:
Gold:   54         SH:  0    Dex: 13    Spells: 9/9 levels left

rFire    . . .     SeeInvis .   l - +5 flail (protect)
rCold    . . .     Gourm    .   (no shield)
rNeg     + + +     Faith    .   (armour currently unavailable)
rPois    +         Spirit   .   (helmet currently unavailable)
rElec    .         Reflect  .   (cloak currently unavailable)
rCorr    .         Harm     .   (gloves currently unavailable)
MR       .....     NoTele   +   (boots currently unavailable)
Stlth    ++........             (no amulet)
HPRegen  0.17/turn              (no ring)
MPRegen  0.11/turn              (no ring)

@: tree-form, protection aura, slowed, drained, very slow
A: distributed training, strong nose
a: no special abilities


You were on level 2 of the Dungeon.
You were not hungry.
You were a tree.
You visited 1 branch of the dungeon, and saw 2 of its levels.

You collected 54 gold pieces.

Inventory:

Hand Weapons
 d - a +0 club
 e - a +0 dagger
 l - a +5 flail of protection (weapon)
Missiles
 n - 20 stones (quivered)
Armour
 c - a +0 robe (melded)
 h - a scarf of repulsion (melded)
Wands
 a - a wand of paralysis (9)
Scrolls
 i - 3 scrolls of identify
Potions
 j - a potion of curing
 k - a potion of degeneration
Comestibles
 f - 3 rations


   Skills:
 + Level 2.7(2.5) Fighting
 + Level 1.1(0.9) Short Blades
 + Level 4.6(4.4) Long Blades
 + Level 1.1(0.9) Axes
 + Level 1.1(0.9) Maces & Flails
 + Level 1.1(0.9) Polearms
 + Level 1.1(0.9) Staves
 + Level 1.1(0.9) Slings
 + Level 1.1(0.9) Bows
 + Level 1.1(0.9) Crossbows
 + Level 1.1(0.9) Throwing
 + Level 1.1(0.9) Armour
 + Level 1.1(0.9) Dodging
 + Level 4.2(4.0) Stealth
 + Level 1.1(0.9) Shields
 + Level 1.1(0.9) Unarmed Combat
 + Level 3.0(2.7) Spellcasting
 + Level 0.9(0.7) Conjurations
 + Level 0.9(0.7) Hexes
 + Level 0.9(0.7) Charms
 + Level 0.9(0.7) Summonings
 + Level 3.8(3.6) Necromancy
 + Level 0.9(0.7) Translocations
 + Level 0.9(0.7) Transmutations
 + Level 0.9(0.7) Fire Magic
 + Level 0.9(0.7) Ice Magic
 + Level 0.9(0.7) Air Magic
 + Level 0.9(0.7) Earth Magic
 + Level 0.9(0.7) Poison Magic
 + Level 1.2(1.0) Invocations
 + Level 4.6(4.4) Evocations


You had 9 spell levels left.
You didn't know any spells.
Your spell library was empty.

Dungeon Overview and Level Annotations

Branches:
Dungeon (2/15)

Altars:


Innate Abilities, Weirdness & Mutations

Your experience applies equally to all skills.
((You have very sharp teeth.))
Your uncanny sense of smell can sniff out nearby items.


Message History

Okay, then.
The orc wizard misses you. The orc barely misses you.
It was a potion of lignification.
You turn into a tree.
Your scarf of repulsion melds into your body.
Your +0 robe melds into your body.
The haze of the repulsion field disappears.
Your roots penetrate the ground.
The orc wizard hits you but does no damage.
The orc hits you but does no damage. Something hits you but does no damage.
The orc wizard hits you but does no damage.
You thump the orc!
Your weapon exudes an aura of protection.
The orc explodes!
The fiery explosion engulfs the orc wizard.
The orc wizard explodes!
The fiery explosion engulfs something.
The fiery explosion engulfs the orc.
You kill the orc!
The fiery explosion engulfs you!
Ouch! That really hurt!
You die...

,,* #........,* ,,*
#........,* ,,* #######
#........,* ,,* #.....#
#.(.....<,* ,,* #.....#
#........,* ***
#.....#######..(.....,* *
#.........§)§....#*****
######.........§§§o...#
..##............♣§§..##
...>.#..........§§...#
.....#...............#
.....................#
#####.....#..........# #
##...............# #
#...............# #
#...............#
######.<........######*******


You could see an orc (inner flame).

Vanquished Creatures
  A bullfrog skeleton (D:2)
  Terence (D:2)
  An ooze (D:1)
  A dart slug (D:1)
  An orc (D:2)
  A giant cockroach (D:1)
  3 goblins
  A hobgoblin (D:2)
  3 jackals (D:2)
  4 bats (D:1)
  A frilled lizard (D:1)
  10 kobolds
  3 rats
31 creatures vanquished.

Notes
Turn   | Place    | Note
-------+----------+-------------------------------------------
     0 | D:1      | jerryfan the Gnoll Wanderer began the quest for the Orb.
     0 | D:1      | jerryfan set off with the following items: a wand of
                  | paralysis (15), 2 potions of curing, a +0 robe, a +0 club,
                  | a +0 dagger, a ration
     0 | D:1      | Reached XP level 1. HP: 17/17 MP: 4/4
    62 | D:1      | Reached XP level 2. HP: 9/23 MP: 5/5
   750 | D:1      | Reached XP level 3. HP: 28/28 MP: 7/7
  1032 | D:2      | HP: 1/28 [jackal (1)]
  1070 | D:2      | Noticed Terence
  1078 | D:2      | Killed Terence
  1078 | D:2      | Reached skill level 1 in Short Blades
  1078 | D:2      | Reached skill level 1 in Axes
  1078 | D:2      | Reached skill level 1 in Maces & Flails
  1078 | D:2      | Reached skill level 1 in Polearms
  1078 | D:2      | Reached skill level 1 in Staves
  1078 | D:2      | Reached skill level 1 in Slings
  1078 | D:2      | Reached skill level 1 in Bows
  1078 | D:2      | Reached skill level 1 in Crossbows
  1078 | D:2      | Reached skill level 1 in Throwing
  1078 | D:2      | Reached skill level 1 in Armour
  1078 | D:2      | Reached skill level 1 in Dodging
  1078 | D:2      | Reached skill level 1 in Shields
  1078 | D:2      | Reached skill level 1 in Unarmed Combat
  1078 | D:2      | Reached skill level 1 in Invocations
  1078 | D:2      | Reached XP level 4. HP: 34/34 MP: 8/8
  1354 | D:2      | Killed from afar by an orc wizard

Vault maps used:
D:1:      evilmike_arrival_hilbert_curve
D:2:      uniq_terence

Skill      XL: |  1  2  3  4 |
---------------+-------------+-----
Short Blades   | 1 |  1.1
Axes           | 1 |  1.1
Maces & Flails | 1 |  1.1
Polearms       | 1 |  1.1
Staves         | 1 |  1.1
Slings         | 1 |  1.1
Bows           | 1 |  1.1
Crossbows      | 1 |  1.1
Throwing       | 1 |  1.1
Armour         | 1 |  1.1
Dodging        | 1 |  1.1
Shields        | 1 |  1.1
Unarmed Combat | 1 |  1.1
Invocations    | 1 |  1.2
Spellcasting   | 3 |  3.0
Fighting       | |  2.7
Long Blades    | |  4.6
Stealth        | |  4.2
Conjurations   | |  0.9
Hexes          | |  0.9
Charms         | |  0.9
Summonings     | |  0.9
Necromancy     | |  3.8
Translocations | |  0.9
Transmutations | |  0.9
Fire Magic     | |  0.9
Ice Magic      | |  0.9
Air Magic      | |  0.9
Earth Magic    | |  0.9
Poison Magic   | |  0.9
Evocations     | |  4.6

Action                   |  1- 3 |  4- 6 || total
-------------------------+-------+-------++-------
Melee: Dagger            |    88 |       ||    88
       Club              |     1 |       ||     1
       Bite              |     9 |     3 ||    12
       Punch             |     1 |       ||     1
       Flail             |       |     6 ||     6
Throw: Stone             |     9 |     2 ||    11
Evoke: Wand              |     6 |       ||     6
  Use: Potion            |     3 |     1 ||     4
       Scroll            |     1 |     3 ||     4
 Stab: Paralysed         |     8 |       ||     8
       Sleeping          |     6 |       ||     6
  Eat: Chunk             |     1 |       ||     1
Armor: Robe              |     8 |     1 ||     9
       Skin              |       |     4 ||     4
Dodge: Dodged            |    67 |     4 ||    71

Table legend:
 A = Non-vault XP
 B = Vault XP
 C = Vault XP percentage of total XP
 D = Non-vault monster count
 E = Vault monster count
 F = Vault count percentage of total count
                 A         B        C        D         E       F
            +---------+---------+-------+---------+---------+-------
      Total |      92 |      36 |  28.1 |      30 |       1 |   3.2
            +---------+---------+-------+---------+---------+-------
        D:1 |      36 |       0 |   0.0 |      20 |       0 |   0.0
        D:2 |      56 |      36 |  39.1 |      10 |       1 |   9.1
            +---------+---------+-------+---------+---------+-------
